[Event "Titled Tuesday Blitz October 31 Late 2023"]
[White "Zhigalko, Sergei"]
[Black "Cervantes Landeiro, Thalia"]
[WhiteFideId "13502956"]
[BlackFideId "3520498"]
[WhiteElo "2917"]
[BlackElo "2484"]
[Result "0-1"]
[Round "1"]
[TimeControl "180+1"]
[Date "2023.10.31"]
[WhiteClock "0:00:00"]
[BlackClock "0:00:07"]
[Board "23"]

1. e4 c5 2. Nf3 d6 3. d4 cxd4 4. Qxd4 Nc6 5. Bb5 Bd7 6. Bxc6 Bxc6 7. Nc3 Nf6 8. Bg5 e5 9. Qd3 Be7 10. O-O-O Ng4 11. Bxe7 Qxe7 12. Rhf1 Rd8 13. h3 Nf6 14. Nh2 O-O 15. Qe3 d5 16. exd5 Nxd5 17. Nxd5 Bxd5 18. Ng4 Bxa2 19. Qxe5 Be6 20. Ne3 Rc8 21. Rd4 Rc5 22. Qd6 Qxd6 23. Rxd6 Rfc8 24. Rfd1 h5 25. Rd8+ Kh7 26. b4 Rxd8 27. Rxd8 Rc7 28. Kd2 a6 29. Kd3 b5 30. Rd6 Ra7 31. Rb6 Kg6 32. Ke4 Kf6 33. f4 Ke7 34. f5 Ba2 35. g4 hxg4 36. hxg4 Bb1 37. g5 Ba2 38. Ke5 Ke8 39. Kf4 Kd7 40. f6 gxf6 41. Rxf6 Be6 42. g6 Ke7 0-1


[Site "https://www.chess.com"]

[Event "Titled Tuesday Blitz October 31 Late 2023"]
[White "Dudzinski, Pawel"]
[Black "Talibov, Shiroghlan"]
[WhiteFideId "1117890"]
[BlackFideId "13429078"]
[WhiteElo "2484"]
[BlackElo "2914"]
[Result "1-0"]
[Round "1"]
[TimeControl "180+1"]
[Date "2023.10.31"]
[WhiteClock "0:02:41"]
[BlackClock "0:02:35"]
[Board "24"]

1. e4 c6 2. d4 d5 3. exd5 cxd5 4. Bd3 Nc6 5. c3 Qc7 6. Ne2 Bg4 7. f3 Bh5 8. Bf4 Qd7 9. O-O e6 10. Nd2 Bd6 11. Nb3 Nge7 12. Qd2 O-O 13. Rfe1 Bg6 1-0


[Site "https://www.chess.com"]

[Event "Titled Tuesday Blitz October 31 Late 2023"]
[White "Ibarra Jerez, Jose Carlos"]
[Black "F-Ghaith2021"]
[WhiteFideId "2226332"]
[WhiteElo "2911"]
[BlackElo "2482"]
[Result "1-0"]
[Round "1"]
[TimeControl "180+1"]
[Date "2023.10.31"]
[WhiteClock "0:00:05"]
[BlackClock "0:00:20"]
[Board "25"]

1. e4 c6 2. Nf3 d5 3. d3 g6 4. Qe2 Bg7 5. g3 Na6 6. Bg2 Nc7 7. O-O e6 8. h4 h6 9. c3 Nf6 10. Bf4 O-O 11. Nbd2 Nh5 12. Be3 Re8 13. e5 f5 14. exf6 Nxf6 15. Ne5 Kh7 16. d4 Nd7 17. f4 Nxe5 18. fxe5 Bd7 19. h5 g5 20. Rf7 Rf8 21. Raf1 Rxf7 22. Rxf7 Be8 23. Rf2 Qe7 24. g4 Bf7 25. Bf1 Rf8 26. Nf3 Bg8 27. Qd2 Kh8 28. Bd3 Bh7 29. Bxh7 Kxh7 30. Qc2+ Kh8 31. Kg2 Ne8 32. c4 Qb4 33. b3 dxc4 34. bxc4 c5 35. Bd2 Qb6 36. d5 exd5 37. cxd5 c4 38. Qe4 Qc5 39. Be3 Qc7 40. d6 Qd7 41. Qxc4 b5 42. Qe4 Qe6 43. Nd4 Rxf2+ 44. Bxf2 Nxd6 45. Qa8+ Qe8 46. Qxe8+ Nxe8 47. Nxb5 a6 48. Nd6 Nc7 49. Kf3 Kg8 50. Ke4 Kf8 51. Nf5 Ne6 52. Bb6 Kf7 53. a4 Bf8 54. Be3 Nc7 55. Nd4 Bc5 56. Nf5 Bf8 57. Bd2 Ke6 58. Nd4+ Kf7 59. Kf5 Nd5 60. e6+ Ke8 61. Kg6 Ne7+ 62. Kh7 Nd5 63. Nf5 Nc7 64. e7 Bxe7 65. Nxe7 Kxe7 66. Kxh6 Kf6 67. Bxg5+ Kf7 68. Be3 Nd5 69. Bd2 Nf6 70. Kg5 Ne4+ 71. Kf5 Nxd2 72. Ke5 Nc4+ 73. Kd4 Nb2 74. a5 Kf6 75. h6 Kg6 76. g5 Kf7 77. Kc5 Nd3+ 78. Kb6 Nb4 79. Kc5 Nd3+ 80. Kd4 Nb4 81. Kc4 Nc6 82. Kc5 Nxa5 83. Kb6 Nc4+ 84. Kxa6 Ne5 85. h7 Nf3 86. h8=Q Kg6 87. Qf6+ 1-0


[Site "https://www.chess.com"]

[Event "Titled Tuesday Blitz October 31 Late 2023"]
[White "Santos Flores, Alberto"]
[Black "Kovalev, Vladislav"]
[WhiteFideId "3601234"]
[BlackFideId "13504398"]
[WhiteElo "2482"]
[BlackElo "2911"]
[Result "1-0"]
[Round "1"]
[TimeControl "180+1"]
[Date "2023.10.31"]
[WhiteClock "0:00:17"]
[BlackClock "0:00:03"]
[Board "26"]

1. e4 e5 2. Nf3 Nc6 3. Bc4 Nf6 4. d3 Bc5 5. c3 d6 6. Bb3 a6 7. Nbd2 h6 8. Nf1 O-O 9. Ng3 Be6 10. Bc2 Ba7 11. O-O d5 12. Qe2 Re8 13. Re1 Qd7 14. h3 Rad8 15. Nh4 Bxh3 16. gxh3 Qxh3 17. Nhf5 dxe4 18. dxe4 Ng4 19. Be3 Qh2+ 20. Kf1 Qh3+ 21. Kg1 g6 22. Qxg4 Qxg4 23. Nxh6+ Kg7 24. Nxg4 Bxe3 25. Nxe3 Rh8 26. Rad1 Rc8 27. Rd7 Nb8 28. Rd5 Rhe8 29. Bb3 c6 30. Rd6 Rc7 31. Red1 a5 32. Rd8 Kf8 33. Rxe8+ Kxe8 34. Ng4 Nd7 35. Ne2 Ke7 36. Kg2 f6 37. Ne3 Nc5 38. Bc2 b5 39. b4 axb4 40. cxb4 Ne6 41. Bb3 Ng5 42. f3 Rc8 43. Rc1 Kd6 44. Nc3 Rh8 45. Rd1+ Kc7 46. Ng4 Rf8 47. Rh1 Rd8 48. Nxf6 Rd2+ 49. Kg3 Rd3 50. Nh7 Nxf3 51. Nd1 Nd2+ 52. Kg4 Nxe4 53. Re1 Rd4 54. Kf3 Nd2+ 55. Ke2 Nxb3 56. axb3 Rxb4 57. Kd2 Rxb3 58. Rxe5 Kb6 59. Nf8 Rg3 60. Ne6 b4 61. Ne3 b3 62. Kc3 c5 63. Nxc5 Kc6 64. Nxb3 Kd6 65. Kd4 Rg1 66. Nc5 Ra1 67. Re6+ Kc7 68. Nd5+ Kd8 69. Rxg6 Ke8 70. Ke5 Kf7 71. Rf6+ Kg7 72. Ne6+ Kh7 73. Ne7 Re1+ 74. Kd6 Rd1+ 75. Kc7 Rc1+ 76. Kd7 Ra1 77. Ke8 Rh1 78. Kf7 Rh2 79. Nf8+ Kh8 80. Neg6# 1-0


[Site "https://www.chess.com"]

[Event "Titled Tuesday Blitz October 31 Late 2023"]
[White "Harsha Bharathakoti"]
[Black "Bilan, Danila"]
[WhiteFideId "5078776"]
[BlackFideId "24161918"]
[WhiteElo "2909"]
[BlackElo "2481"]
[Result "1-0"]
[Round "1"]
[TimeControl "180+1"]
[Date "2023.10.31"]
[WhiteClock "0:00:16"]
[BlackClock "0:00:00"]
[Board "27"]

1. Nf3 d5 2. g3 Nf6 3. Bg2 Bf5 4. c4 c6 5. Qb3 Qb6 6. d3 e6 7. Be3 Qxb3 8. axb3 a6 9. Nd4 Bg6 10. cxd5 exd5 11. Nc2 Nbd7 12. b4 Bd6 13. Nc3 O-O 14. f4 Rfe8 15. Bd4 Bxd3 16. Ne3 Be4 17. Bxe4 Nxe4 18. Nc2 Nxc3 19. bxc3 Re7 20. Kd2 Rae8 21. e3 Bc7 22. Rhe1 Bb6 23. Kd3 Bxd4 24. cxd4 Nb6 25. Na3 h5 26. h3 g6 27. Re2 Kg7 28. Rc1 Nd7 29. Nb1 Nf6 30. Nc3 Nd7 31. Nb1 Nb6 32. Nd2 Na4 33. Rb1 Nb6 34. Ra1 Nd7 35. Rb1 Nf6 36. Rc1 Ne4 37. Nxe4 Rxe4 38. Rg1 f5 39. g4 hxg4 40. hxg4 Kf6 41. Rg3 R8e7 42. gxf5 gxf5 43. Rh2 Ke6 44. Rh6+ Kd7 45. Rf6 Kc7 46. Rxf5 Kb6 47. Re5 R7xe5 48. dxe5 Rxb4 49. f5 Re4 50. e6 Kc5 51. Rf3 Rh4 52. f6 Rh8 53. f7 1-0


[Site "https://www.chess.com"]

[Event "Titled Tuesday Blitz October 31 Late 2023"]
[White "Vasquez Schroeder, Rodrigo"]
[Black "Suarez Uriel, Adrian"]
[WhiteFideId "3400042"]
[BlackFideId "22230874"]
[WhiteElo "2895"]
[BlackElo "2476"]
[Result "1-0"]
[Round "1"]
[TimeControl "180+1"]
[Date "2023.10.31"]
[WhiteClock "0:00:33"]
[BlackClock "0:00:18"]
[Board "29"]

1. e4 c5 2. Nf3 d6 3. d4 cxd4 4. Nxd4 Nf6 5. Nc3 a6 6. Bg5 e6 7. f4 Be7 8. Qf3 Qc7 9. O-O-O Nbd7 10. g4 h6 11. Bxf6 Bxf6 12. h4 Nb6 13. g5 Bxd4 14. Rxd4 Qc5 15. Rd2 Bd7 16. Be2 O-O-O 17. Rhd1 hxg5 18. hxg5 Na4 19. Rd4 Nxc3 20. Rc4 Nxe2+ 21. Qxe2 Bc6 22. Rxc5 dxc5 23. Rxd8+ Kxd8 24. Qf3 Kc7 25. f5 e5 26. Qg3 Kd6 27. Qd3+ Kc7 28. Qc4 Rh1+ 29. Kd2 Rh2+ 30. Ke3 Rh3+ 31. Kf2 f6 32. gxf6 gxf6 33. Qf7+ Kb6 34. Qxf6 Rh2+ 35. Kg3 Re2 36. Qd8+ Ka7 37. f6 Bxe4 38. f7 Rg2+ 39. Kh3 Rf2 40. f8=Q 1-0


[Site "https://www.chess.com"]

[Event "Titled Tuesday Blitz October 31 Late 2023"]
[White "Pniaczek, Marek"]
[Black "Mikaelyan, Arman"]
[WhiteFideId "21800421"]
[BlackFideId "13304852"]
[WhiteElo "2472"]
[BlackElo "2895"]
[Result "0-1"]
[Round "1"]
[TimeControl "180+1"]
[Date "2023.10.31"]
[WhiteClock "0:00:13"]
[BlackClock "0:00:20"]
[Board "30"]

1. e4 e5 2. Nf3 Nc6 3. Bc4 Bc5 4. c3 d6 5. O-O Bb6 6. d4 Bg4 7. Be3 Nf6 8. d5 Bxe3 9. dxc6 Bb6 10. cxb7 Rb8 11. h3 Bh5 12. Qa4+ Nd7 13. Nbd2 O-O 14. Ba6 Nc5 15. Qc4 Qd7 16. b4 Nxa6 17. Qxa6 Qc6 18. Qd3 Qxb7 19. Nc4 f5 20. Nxb6 axb6 21. Nd2 fxe4 22. Qxe4 Qxe4 23. Nxe4 Ra8 24. a4 Rf4 25. f3 Bg6 26. Rfe1 Bxe4 27. Rxe4 Rxe4 28. fxe4 Kf7 29. Kf2 Ke6 30. c4 Kd7 31. Ke3 Kc6 32. Kd3 Rf8 33. Ke3 h5 34. a5 b5 35. Rc1 bxc4 36. Rxc4+ Kb7 37. b5 Ra8 38. Ra4 c6 39. b6 d5 40. Kd3 Rd8 41. exd5 cxd5 42. Ra1 Ra8 43. Ke3 h4 44. Ra2 Ka6 45. Ra1 Rc8 46. Ra2 Rc3+ 47. Kf2 Rb3 48. Ra4 Rb2+ 49. Kf3 e4+ 50. Ke3 Rxg2 51. Rb4 Rg3+ 52. Kf4 Rf3+ 53. Kg4 Rf7 54. Kxh4 e3 55. Rb3 d4 56. Kg3 e2 57. b7 e1=Q+ 0-1


[Site "https://www.chess.com"]

[Event "Titled Tuesday Blitz October 31 Late 2023"]
[White "Kravtsiv, Martyn"]
[Black "Molenda, Marcin"]
[WhiteFideId "14113147"]
[BlackFideId "1173065"]
[WhiteElo "2887"]
[BlackElo "2471"]
[Result "1-0"]
[Round "1"]
[TimeControl "180+1"]
[Date "2023.10.31"]
[WhiteClock "0:02:23"]
[BlackClock "0:02:20"]
[Board "31"]

1. e4 c5 2. Nf3 d6 3. Bb5+ Bd7 4. Bxd7+ Qxd7 5. c4 Nc6 6. Nc3 g6 7. d4 cxd4 8. Nxd4 Bg7 9. Be3 Nf6 10. f3 O-O 11. O-O Rac8 12. b3 a6 13. Rc1 Nh5 14. Nd5 Qd8 15. Ne2 e6 16. Nb6 Rc7 17. Qd2 Qh4 18. Bg5 1-0


[Site "https://www.chess.com"]

[Event "Titled Tuesday Blitz October 31 Late 2023"]
[White "Kunin, Vitaly"]
[Black "Quesada Perez, Yasser"]
[WhiteFideId "4128737"]
[BlackFideId "3509362"]
[WhiteElo "2471"]
[BlackElo "2887"]
[Result "0-1"]
[Round "1"]
[TimeControl "180+1"]
[Date "2023.10.31"]
[WhiteClock "0:00:00"]
[BlackClock "0:00:26"]
[Board "32"]

1. e4 d5 2. exd5 Nf6 3. Bb5+ Bd7 4. Be2 Nxd5 5. d4 Bf5 6. a3 e6 7. c4 Nb6 8. Nf3 Be7 9. Be3 O-O 10. Nc3 Nc6 11. h3 Bf6 12. O-O Qd7 13. c5 Nd5 14. Qb3 a6 15. Rad1 Na5 16. Qa2 Bc2 17. Rd2 Bb3 18. Qb1 Bc4 19. Re1 Bxe2 20. Rdxe2 Nc4 21. Qd3 Ncxe3 22. fxe3 b6 23. cxb6 cxb6 24. Ne5 Qe7 25. Nxd5 exd5 26. Ng4 Rac8 27. e4 dxe4 28. Rxe4 Qd8 29. d5 Bxb2 30. d6 h5 31. d7 Rc3 32. Qd5 Rc5 33. Qd3 Rc7 34. Re8 Qxd7 0-1


[Site "https://www.chess.com"]

[Event "Titled Tuesday Blitz October 31 Late 2023"]
[White "Kazakouski, Valery"]
[Black "kaanadayhamle"]
[WhiteFideId "13507443"]
[WhiteElo "2877"]
[BlackElo "2469"]
[Result "1-0"]
[Round "1"]
[TimeControl "180+1"]
[Date "2023.10.31"]
[WhiteClock "0:00:08"]
[BlackClock "0:00:00"]
[Board "33"]

1. Nf3 Nf6 2. c4 e6 3. g3 d5 4. b3 Nbd7 5. Bg2 c6 6. O-O Bd6 7. Nc3 O-O 8. Qc2 a5 9. Bb2 h6 10. e4 dxe4 11. Nxe4 Nxe4 12. Qxe4 Nf6 13. Qe2 Re8 14. a3 e5 15. d3 Bf5 16. Rfe1 Qb6 17. Nxe5 Bxe5 18. Bxe5 Ng4 19. Qf3 g6 20. d4 Nxe5 21. dxe5 Qd4 22. Rad1 Rxe5 23. Rxd4 Rxe1+ 24. Bf1 Bh3 25. Rd1 Rae8 26. g4 Bxf1 27. h4 Bxc4+ 28. Rxe1 Rxe1+ 29. Kh2 Bd5 30. Qc3 Rh1+ 31. Kg3 g5 32. hxg5 hxg5 33. f3 Rf1 34. Qxa5 Rxf3+ 35. Kh2 Rxb3 36. Qd8+ Kh7 37. Qxg5 Rb2+ 38. Kg3 Rg2+ 39. Kh3 Ra2 40. Qe7 Kg7 41. Kh4 Rf2 42. Qxb7 Rh2+ 43. Kg5 Re2 44. Qc7 Re6 45. a4 Rg6+ 46. Kf4 Rf6+ 47. Kg3 Rf3+ 48. Kh4 Kg6 49. Qd6+ Rf6 50. Qe5 Re6 51. Qg5+ Kh7 52. a5 Rh6+ 53. Kg3 Rg6 54. Qh5+ Kg7 55. Qe5+ Kg8 56. a6 Re6 57. Qb8+ Kg7 58. Qb2+ Kg6 59. Qc2+ Kg5 60. Qc5 Rf6 61. a7 Rf3+ 62. Kh2 Kxg4 63. Qd4+ Kg5 64. a8=Q 1-0


[Site "https://www.chess.com"]

[Event "Titled Tuesday Blitz October 31 Late 2023"]
[White "Seletsky, Grigory"]
[Black "Rustemov, Alexander"]
[WhiteFideId "14112191"]
[BlackFideId "4119002"]
[WhiteElo "2468"]
[BlackElo "2874"]
[Result "1/2-1/2"]
[Round "1"]
[TimeControl "180+1"]
[Date "2023.10.31"]
[WhiteClock "0:00:13"]
[BlackClock "0:00:11"]
[Board "34"]

1. b3 d5 2. Bb2 Bf5 3. e3 e6 4. Bd3 Bg6 5. Nf3 Nf6 6. Ne5 Nbd7 7. Nxg6 hxg6 8. f4 Bd6 9. Nc3 c6 10. Ne2 e5 11. fxe5 Nxe5 12. Nf4 Qe7 13. Qe2 a5 14. a4 g5 15. Nh3 g4 16. Nf2 Nxd3+ 17. cxd3 Be5 18. Bxe5 Qxe5 19. d4 Qe6 20. O-O-O O-O-O 21. h3 gxh3 22. Rxh3 Rxh3 23. Nxh3 Rh8 24. Rf1 Kb8 25. Kb2 Ka7 26. Nf4 Qe7 27. Nd3 Ne4 28. Rf3 Rh2 29. Rh3 Rxh3 30. gxh3 Qh4 31. Qg2 g6 32. Ne5 Qe1 33. Nf3 Qd1 34. h4 f6 35. Qh2 Qf1 36. Qc7 Ka6 37. Qc8 Ka7 38. Qd8 Qxf3 39. Qxa5+ Kb8 40. Qd8+ Ka7 41. Qa5+ Kb8 42. Qd8+ Ka7 43. Qa5+ 1/2-1/2


[Site "https://www.chess.com"]

[Event "Titled Tuesday Blitz October 31 Late 2023"]
[White "Aravindh, Chithambaram VR."]
[Black "ElDivis"]
[WhiteFideId "5072786"]
[WhiteElo "2871"]
[BlackElo "2468"]
[Result "1-0"]
[Round "1"]
[TimeControl "180+1"]
[Date "2023.10.31"]
[WhiteClock "0:00:59"]
[BlackClock "0:00:04"]
[Board "35"]

1. Nf3 d5 2. c4 d4 3. b4 c5 4. Bb2 cxb4 5. a3 bxa3 6. Nxa3 Nc6 7. g3 e5 8. Bg2 Nf6 9. O-O Bc5 10. d3 O-O 11. Nd2 Re8 12. Nc2 Bf5 13. Ba3 Bxa3 14. Rxa3 e4 15. Rb3 Rb8 16. h3 e3 17. fxe3 dxe3 18. Rxf5 exd2 19. Qxd2 Nd4 20. Nxd4 Qxd4+ 21. Kh2 Qe3 22. Qxe3 Rxe3 23. Bf3 b6 24. Ra5 Nd7 25. Ra2 Ne5 26. Bd5 Re8 27. Kg2 Ng6 28. Kf2 h5 29. h4 R3e7 30. Rba3 Ne5 31. Rxa7 Ng4+ 32. Ke1 Nf6 33. Rxe7 Rxe7 34. Bf3 g6 35. Kd2 Nd7 36. Ra7 Kf8 37. Rb7 Ne5 38. Rb8+ Kg7 39. Rxb6 Rd7 40. Bd5 f5 41. Kc3 Ng4 42. Rb7 Rxb7 43. Bxb7 Kf6 44. c5 Ke6 45. d4 Nh2 46. d5+ Kd7 47. Ba6 Nf1 48. Bb5+ Kd8 49. d6 Nxg3 50. c6 Ne4+ 51. Kd4 Nxd6 52. Ba4 f4 53. Bc2 g5 54. hxg5 h4 55. g6 Ne8 56. Ke5 Ke7 57. Kxf4 Kf6 58. Kg4 Nc7 59. Kxh4 Nd5 60. Be4 Nc3 61. c7 1-0


[Site "https://www.chess.com"]

[Event "Titled Tuesday Blitz October 31 Late 2023"]
[White "Mmukka"]
[Black "Gokerkan, Cem Kaan"]
[BlackFideId "6336760"]
[WhiteElo "2468"]
[BlackElo "2864"]
[Result "0-1"]
[Round "1"]
[TimeControl "180+1"]
[Date "2023.10.31"]
[WhiteClock "0:00:15"]
[BlackClock "0:00:28"]
[Board "36"]

1. e4 c5 2. Nf3 d6 3. d4 cxd4 4. Nxd4 Nf6 5. Nc3 e5 6. Nb3 Be7 7. Bc4 Be6 8. Bxe6 fxe6 9. O-O O-O 10. Qe2 Nbd7 11. Rd1 a6 12. Qc4 Kf7 13. Bg5 Rc8 14. Qe2 Kg8 15. Rd3 h6 16. Bh4 b5 17. Rad1 b4 18. Nb1 a5 19. c3 a4 20. N3d2 Nc5 21. Rg3 Rb8 22. cxb4 Rxb4 23. Nc4 Nfxe4 24. Bxe7 Nxg3 25. hxg3 Qxe7 26. a3 Rbb8 27. Rxd6 e4 28. Nc3 Rbd8 29. Rxd8 Qxd8 30. Nxe4 Qd3 31. Qxd3 Nxd3 32. f3 Rb8 33. Nc3 Nxb2 34. Nxb2 Rxb2 35. Nxa4 Ra2 36. Nc5 Kf7 37. a4 Ke7 38. g4 Kd6 39. Ne4+ Kc6 40. Nc3 Ra3 41. Ne2 Rxa4 42. g3 Kd6 43. Kf2 Ra2 44. Ke3 Ra3+ 45. Kf2 Ke5 46. Nf4 Kd6 47. Ne2 e5 48. Kg2 Kd5 49. Kf2 Kc4 50. f4 e4 51. f5 Kd3 52. Nf4+ Kd2 53. Kf1 Rxg3 54. Ng2 Rxg4 0-1


[Site "https://www.chess.com"]

[Event "Titled Tuesday Blitz October 31 Late 2023"]
[White "Nazari, Arad"]
[Black "Buchenau, Frank"]
[WhiteFideId "12577324"]
[BlackFideId "4604350"]
[WhiteElo "2856"]
[BlackElo "2467"]
[Result "0-1"]
[Round "1"]
[TimeControl "180+1"]
[Date "2023.10.31"]
[WhiteClock "0:00:06"]
[BlackClock "0:00:05"]
[Board "37"]

1. e4 e6 2. d4 d5 3. Nd2 c5 4. Ngf3 cxd4 5. Nxd4 Nc6 6. Nxc6 bxc6 7. Bd3 Bd6 8. O-O Ne7 9. Qg4 O-O 10. Qh5 Ng6 11. e5 Be7 12. Nf3 Qe8 13. Bg5 f6 14. exf6 Bxf6 15. Nh4 Bxg5 16. Nxg6 Bh6 17. Nf4 Qxh5 18. Nxh5 g6 19. Ng3 e5 20. f3 Rb8 21. b3 Be3+ 22. Kh1 a5 23. Rad1 Be6 24. Rfe1 Bd4 25. Ne2 Bc5 26. c3 Bf7 27. Bc2 Rfe8 28. Nc1 Kg7 29. Nd3 Bd6 30. c4 dxc4 31. bxc4 Bxc4 32. Nf2 Bb4 33. Rd7+ Re7 34. Rxe7+ Bxe7 35. Rxe5 Bd8 36. a4 Rb2 37. Bd3 Rxf2 38. Bxc4 Rc2 39. Bf1 Rc1 40. g3 Rxf1+ 41. Kg2 Rd1 42. Re6 Rd2+ 43. Kf1 c5 44. Rc6 Be7 45. Rc7 Kf6 46. g4 Rd4 47. h4 Rxa4 48. Kg2 Ke6 49. Kg3 Rb4 50. f4 a4 51. Ra7 Rb3+ 52. Kg2 a3 53. f5+ gxf5 54. Ra6+ Ke5 55. g5 Rb2+ 56. Kf3 a2 57. Ra4 c4 58. Ke3 Rb3+ 59. Kd2 Ra3 0-1


[Site "https://www.chess.com"]

[Event "Titled Tuesday Blitz October 31 Late 2023"]
[White "Ventura Bolet, Maxim"]
[Black "Asadli, Vugar"]
[WhiteFideId "22238824"]
[BlackFideId "13405764"]
[WhiteElo "2465"]
[BlackElo "2855"]
[Result "0-1"]
[Round "1"]
[TimeControl "180+1"]
[Date "2023.10.31"]
[WhiteClock "0:01:59"]
[BlackClock "0:01:41"]
[Board "38"]

1. e4 c5 2. Nf3 Nc6 3. Bc4 g6 4. c3 Bg7 5. O-O e6 6. d4 d5 7. exd5 exd5 8. Bb5 Ne7 9. dxc5 O-O 10. Bf4 Nf5 11. Bxc6 bxc6 12. Nd4 Bd7 13. Na3 Qa5 14. Nb3 Qa4 15. Nc2 Qxf4 0-1


[Site "https://www.chess.com"]

[Event "Titled Tuesday Blitz October 31 Late 2023"]
[White "Ashraf, Artin"]
[Black "Taboas Rodriguez, Daniel"]
[WhiteFideId "22514805"]
[BlackFideId "2208466"]
[WhiteElo "2852"]
[BlackElo "2464"]
[Result "1/2-1/2"]
[Round "1"]
[TimeControl "180+1"]
[Date "2023.10.31"]
[WhiteClock "0:00:51"]
[BlackClock "0:00:04"]
[Board "39"]

1. d4 Nf6 2. Bf4 d5 3. Nf3 Bf5 4. e3 e6 5. h3 Bd6 6. Bxd6 cxd6 7. Nh4 Be4 8. Nd2 O-O 9. Be2 Nc6 10. O-O Rc8 11. c3 Qb6 12. Nxe4 Nxe4 13. Qb3 Qxb3 14. axb3 Nd2 15. Rfd1 Nxb3 16. Ra3 Nba5 17. b4 Nc4 18. Bxc4 dxc4 19. b5 Ne7 20. e4 Ra8 21. Rda1 Nc8 22. b6 Nxb6 23. Rxa7 Rxa7 24. Rxa7 Rb8 25. Nf3 Kf8 26. Nd2 Ke7 27. Ra5 Kd7 28. Kf1 Kc6 29. Ke2 d5 30. Nf3 f6 31. Ke3 Ra8 32. Rxa8 Nxa8 33. Ne1 b5 34. Nc2 Nb6 35. e5 Na4 36. Kd2 Nb2 37. Nb4+ Kd7 38. f4 f5 39. Kc2 Na4 40. Kd2 Nb6 41. Na6 h6 42. Nc5+ Ke7 43. Nb7 Nc8 44. Kc2 g5 45. g3 gxf4 46. gxf4 Kd7 47. Nc5+ Ke7 48. Nb7 Kd7 49. Nc5+ Ke7 50. Kb2 Na7 51. h4 Nc6 52. Na6 Kd7 53. h5 Kd8 54. Ka3 Kd7 55. Kb2 Ke7 56. Ka3 Kd7 57. Nc5+ Ke7 58. Na6 Kd7 1/2-1/2


[Site "https://www.chess.com"]

[Event "Titled Tuesday Blitz October 31 Late 2023"]
[White "Arutla, Aditya"]
[Black "Kamsky, Gata"]
[WhiteFideId "30961998"]
[BlackFideId "2000024"]
[WhiteElo "2463"]
[BlackElo "2841"]
[Result "0-1"]
[Round "1"]
[TimeControl "180+1"]
[Date "2023.10.31"]
[WhiteClock "0:00:19"]
[BlackClock "0:01:07"]
[Board "40"]

1. d4 f5 2. Bf4 Nf6 3. e3 g6 4. Nc3 Bg7 5. Bd3 Nc6 6. Nf3 d6 7. O-O O-O 8. Ne2 Qe8 9. Bc4+ Kh8 10. d5 Nd8 11. Qd3 e5 12. dxe6 Nxe6 13. Rad1 Nxf4 14. Nxf4 Bd7 15. c3 b5 16. Bb3 a5 17. a3 Ne4 18. Nd5 Qd8 19. Bc2 c6 20. Nf4 d5 21. Nd2 Qe7 22. f3 Nc5 23. Qe2 Rfe8 24. Rfe1 Rab8 25. Nd3 Nxd3 26. Bxd3 b4 27. axb4 axb4 28. cxb4 Qxb4 29. b3 Rxe3 30. Qxe3 Bd4 31. Kf1 Bxe3 32. Rxe3 Qd4 33. Ke2 f4 34. Re7 Re8 35. Rxe8+ Bxe8 36. Nf1 Qb2+ 37. Nd2 Kg7 38. Re1 Bd7 39. Kd1 Kf6 40. Ke2 Qd4 41. Ra1 Qxa1 0-1


[Site "https://www.chess.com"]

[Event "Titled Tuesday Blitz October 31 Late 2023"]
[White "Alexandre, Anne Shopie Elizabeth"]
[Black "Rangel, Daniel"]
[WhiteFideId "11902418"]
[BlackFideId "2124475"]
[WhiteElo "2841"]
[BlackElo "2458"]
[Result "1-0"]
[Round "1"]
[TimeControl "180+1"]
[Date "2023.10.31"]
[WhiteClock "0:01:39"]
[BlackClock "0:00:00"]
[Board "41"]

1. c4 Nf6 2. Nc3 e6 3. e4 d6 4. d4 Nbd7 5. Nf3 c5 6. d5 e5 7. Be2 g6 8. Be3 a6 9. Nd2 Bg7 10. g4 O-O 11. a4 Kh8 12. h4 Ng8 13. Nf1 f5 14. gxf5 gxf5 15. exf5 Nh6 16. Ng3 Nxf5 17. Nxf5 Rxf5 18. Qc2 Rf8 19. O-O-O Nf6 20. Rdg1 Rf7 21. h5 Ng8 22. h6 Bf8 23. Bd3 Qf6 24. Ne4 Qd8 25. Ng5 Qe7 26. Nxf7+ Qxf7 27. Rg7 Bxg7 28. hxg7+ Qxg7 29. Rxh7+ Qxh7 30. Bxh7 Nf6 31. Bd3 Bg4 32. b3 Rg8 33. Kb2 Bf3 34. Qc3 Ng4 35. Qa5 Rg7 36. Qd8+ 1-0


[Site "https://www.chess.com"]

[Event "Titled Tuesday Blitz October 31 Late 2023"]
[White "Mystery2007"]
[Black "Zakhartsov, Vladimir"]
[BlackFideId "4145097"]
[WhiteElo "2457"]
[BlackElo "2834"]
[Result "0-1"]
[Round "1"]
[TimeControl "180+1"]
[Date "2023.10.31"]
[WhiteClock "0:00:45"]
[BlackClock "0:01:29"]
[Board "42"]

1. b3 d5 2. Bb2 c5 3. e3 a6 4. c4 d4 5. Nf3 Nc6 6. exd4 cxd4 7. d3 e5 8. Nbd2 Nf6 9. g3 Bf5 10. a3 a5 11. Bg2 Bxd3 12. Ng5 Bg6 13. O-O Be7 14. h4 h6 15. Nge4 Nd7 16. h5 Bh7 17. Qg4 O-O 18. Bh3 f5 19. Qe2 fxe4 20. Nxe4 Nf6 21. Nxf6+ Bxf6 22. Rad1 Kh8 23. f4 e4 24. Be6 d3 25. Qg2 Bxb2 26. Qxb2 Qd4+ 27. Qxd4 Nxd4 28. Bd5 e3 29. Rfe1 e2 30. Rd2 Nxb3 31. Rb2 d2 0-1


[Site "https://www.chess.com"]

[Event "Titled Tuesday Blitz October 31 Late 2023"]
[White "Yanchenko, Roman"]
[Black "Rakitic2010"]
[WhiteFideId "4137329"]
[WhiteElo "2828"]
[BlackElo "2455"]
[Result "1-0"]
[Round "1"]
[TimeControl "180+1"]
[Date "2023.10.31"]
[WhiteClock "0:02:11"]
[BlackClock "0:01:59"]
[Board "43"]

1. d4 Nf6 2. c4 e6 3. Nf3 c5 4. e3 cxd4 5. exd4 d5 6. Nc3 Be7 7. Bf4 O-O 8. Rc1 Nc6 9. a3 h6 10. h3 a6 11. b4 dxc4 12. Bxc4 b5 13. Bb3 Bb7 14. O-O Rc8 15. d5 exd5 16. Nxd5 Nxd5 17. Bxd5 Qd7 18. Bxf7+ Rxf7 19. Qxd7 Bg5 20. Qxc8+ Bxc8 21. Nxg5 hxg5 22. Rxc6 Bb7 23. Rc7 gxf4 24. Rxf7 Kxf7 25. Rc1 Ke6 26. Rc7 Be4 27. Rxg7 Kd5 28. Ra7 Kc4 29. Rxa6 Kb3 30. f3 Ka2 31. fxe4 Ka1 32. e5 1-0


[Site "https://www.chess.com"]

[Event "Titled Tuesday Blitz October 31 Late 2023"]
[White "Kubicka, Anna"]
[Black "Pakleza, Zbigniew"]
[WhiteFideId "1152254"]
[BlackFideId "1119290"]
[WhiteElo "2455"]
[BlackElo "2827"]
[Result "0-1"]
[Round "1"]
[TimeControl "180+1"]
[Date "2023.10.31"]
[WhiteClock "0:00:00"]
[BlackClock "0:01:25"]
[Board "44"]

1. e4 d6 2. d4 Nf6 3. Nc3 c6 4. Nf3 Bg4 5. Be2 e6 6. h3 Bh5 7. Be3 d5 8. e5 Nfd7 9. Nh2 Bxe2 10. Nxe2 c5 11. c3 Nc6 12. O-O Be7 13. f4 Qb6 14. Rb1 f5 15. exf6 Nxf6 16. dxc5 Bxc5 17. Bxc5 Qxc5+ 18. Kh1 O-O 19. Ng3 e5 20. fxe5 Nxe5 21. Nf3 Nc4 22. Qd4 b6 23. Rfe1 Rae8 24. b3 Nd6 25. Rxe8 Rxe8 26. Rf1 Nde4 27. Nxe4 Nxe4 28. Qxc5 bxc5 29. Rc1 Ng3+ 30. Kh2 Ne2 31. Rc2 Re3 32. b4 c4 33. a4 Nxc3 34. a5 Kf8 35. Rb2 Nb5 36. Rd2 Rd3 0-1


[Site "https://www.chess.com"]

[Event "Titled Tuesday Blitz October 31 Late 2023"]
[White "Lobanov, Sergei"]
[Black "Wanyama, Harold"]
[WhiteFideId "24183750"]
[BlackFideId "10000380"]
[WhiteElo "2825"]
[BlackElo "2455"]
[Result "1/2-1/2"]
[Round "1"]
[TimeControl "180+1"]
[Date "2023.10.31"]
[WhiteClock "0:00:08"]
[BlackClock "0:00:08"]
[Board "45"]

1. d4 d5 2. c4 e6 3. Nc3 Nf6 4. cxd5 exd5 5. Bg5 c6 6. e3 Nbd7 7. Bd3 Bd6 8. Nge2 O-O 9. f3 Re8 10. Qd2 h6 11. Bh4 b5 12. Bf2 Bb7 13. O-O a5 14. h3 b4 15. Na4 c5 16. dxc5 Nxc5 17. Nxc5 Bxc5 18. Nd4 Qb6 19. Rac1 Rac8 20. Kh1 Ba6 21. Nf5 a4 22. Bxa6 Qxa6 23. Bh4 Bf8 24. b3 axb3 25. axb3 g6 26. Nd4 Qb6 27. Rxc8 Rxc8 28. Rc1 Rxc1+ 29. Qxc1 Kg7 30. Qc8 Be7 31. Bg3 Qc5 32. Qxc5 Bxc5 33. Nc2 g5 34. Be1 Nd7 35. Nxb4 Bxe3 36. Nxd5 Bd4 37. b4 f5 38. g4 Ne5 39. Kg2 Nd3 40. Bd2 f4 41. Kf1 Ne5 42. Ke2 Kf7 43. Bc3 Bxc3 44. Nxc3 Ke6 45. Ne4 Nc6 46. h4 gxh4 47. b5 Nd4+ 48. Kf2 Nxb5 49. Kg2 Nd4 50. Nd2 Kf6 51. Kh3 Kg5 52. Ne4+ Kg6 53. Nd2 h5 54. Kxh4 hxg4 55. Kxg4 Nxf3 56. Nxf3 Kf6 57. Kxf4 1/2-1/2


[Site "https://www.chess.com"]